 Dungeon Crawl Stone Soup version 0.32-a0-306-gfed3edf829 (webtiles) character file.

Game seed: 10639972300760780012

849 zeratav the Changeling (level 8, -7/55 HPs)
             Began as an Octopode Shapeshifter on Feb 15, 2024.
             Mangled by a steam dragon (8 damage)
             ... on level 6 of the Dungeon.
             The game lasted 00:05:53 (5371 turns).

zeratav the Changeling (Octopode Shapeshifter)      Turns: 5371, Time: 00:05:53

Health: -7/55      AC:  1    Str: 15    XL:     8   Next: 1%
Magic:  8/8        EV: 18    Int: 13    God:
Gold:   147        SH:  0    Dex: 11    Spells: 7/7 levels left

rFire   . .          .
                       - Unarmed
rCold   . . .        (no shield)
rNeg    . . .        (helmet currently unavailable)
rPois   +            (no amulet)
rElec   .            a - ring of poison resistance
rCorr   .            r - +5 ring of evasion
SInv    .            (no ring)
Will    .....        (no ring)
Stlth   ++++         (no ring)
HPRegen 0.29/turn    (no ring)
MPRegen 0.11/turn    (no ring)
                     (no ring)

%: no passive effects
@: beast-form
A: beast (slay +3), almost no armour, amphibious, 8 rings, camouflage 1,
gelatinous body 1, (nimble swimmer 1), tentacles
a: Begin Untransformation


You were on level 6 of the Dungeon.
You were a hulking beast.
You visited 1 branch of the dungeon, and saw 6 of its levels.

You collected 175 gold pieces.
You spent 28 gold pieces at shops.


Innate Abilities, Weirdness & Mutations

You are a hulking beast.
Your limbs bulge with bestial killing power. (Slay +3)
You cannot wear most types of armour.
You are amphibious.
You can wear up to eight rings at the same time.
Your skin changes colour to match your surroundings (Stealth+).
Your rubbery body absorbs attacks. (AC +1, EV +1)
((You are camouflaged when in or above water. (Stealth+)))
You have tentacles for arms and can constrict up to eight enemies at once.


   Skills:
 - Level 5.0 Fighting
 - Level 2.0 Dodging
 - Level 5.0 Stealth
 - Level 3.0 Unarmed Combat
 + Level 6.3 Shapeshifting


You had 7 spell levels left.
You didn't know any spells.
Your spell library contained the following spells:

 Spells                   Type           Power      Damage    Failure   Level
 Magic Dart               Conj           0%         1d3       30%         1
 Slow                     Hex            0%         N/A       30%         1
 Lesser Beckoning         Tloc           0%         N/A       43%         2
 Searing Ray              Conj           0%         2d4       43%         2
 Confusing Touch          Hex            0%         N/A       67%         3
 Gell's Gravitas          Tloc           0%         N/A       67%         3
 Sigil of Binding         Hex            0%         N/A       67%         3
 Teleport Other           Tloc           0%         N/A       67%         3
 Vampiric Draining        Necr           0%         2d6       67%         3
 Animate Dead             Necr           0%         N/A       97%         4
 Fulminant Prism          Conj/Alch      0%         3d5       97%         4
 Borgnjor's Vile Clutch   Necr/Erth      0%         N/A       100%        5
 Death Channel            Necr           0%         N/A       100%        6

Inventory:

Missiles
 u - 4 poisoned darts (quivered) {throwing}
Jewellery
 a - a ring of poison resistance (left tentacle)
   (You found it on level 5 of the Dungeon)
 r - a +5 ring of evasion (right tentacle)
   (You found it on level 5 of the Dungeon)
Talismans
 b - a beast talisman (active)
 c - a flux talisman
Wands
 g - a wand of iceblast (8)
   (You found it on level 3 of the Dungeon)
 n - a wand of charming (4)
   (You found it on level 4 of the Dungeon)
 q - a wand of acid (9)
   (You found it on level 5 of the Dungeon)
Scrolls
 d - a scroll of enchant weapon
 e - 6 scrolls of teleportation {@r4}
 o - 3 scrolls of fear {unknown}
 s - a scroll of amnesia {unknown}
 t - 2 scrolls of identify {@r1}
Potions
 f - a potion of mutation {unknown}
 h - a potion of magic {unknown}
 i - 3 potions of degeneration {unknown}
 j - a potion of curing {unknown}
 k - a potion of brilliance {unknown}
 l - 2 potions of berserk rage {unknown}
 m - a potion of might {unknown}
 p - 2 potions of heal wounds {unknown}

Dungeon Overview and Level Annotations

Branches:
Dungeon (6/15) Zot: 26327
 Temple: D:4-7

Altars:
Fedhas
Kikubaaqudgha
Okawaru
Uskayaw

Shops:
D:3 *   D:6 =

Annotations:
D:3 Grinder
D:5 exclusions: door and ice beast

.. #....### ### #..
....##....... #.. .S#ß..
#........### #.# #.##.S
######.#.# #.# #.##.#
###....# #.# #..#.#
#......# #.# #..#.#
#.#....# ###.#### #..#.#
#.####.# #..†...#
#.h#.#####.####.#
#.###..#
#D§..S..........# #.#
#..#######.#..§.........#
#.#
#...........######.######
#.# #.########..# #.# #.#
#.# #..# #.# ###.# #.#
#..# #.# ....# #.# #..#
#.# ##### #.# #..# #.#


You could see a steam dragon and 2 adders.


Message History

Your hp is fully restored (50).
t - a scroll of identify {@r1} Search for what [? for help]? dart You see here 4 poisoned darts {throwing}.
u - 4 poisoned darts {throwing} You see here a +0 leather armour.
Found a stone staircase leading down.
You pick up a book of Debilitation and begin reading...
You add the spells Slow, Sigil of Binding, Vampiric Draining and Confusing Touch to your library.
e - 6 scrolls of teleportation {@r4} (gained 1)
You see here a +2 war axe of freezing {axe}.
Found a stone staircase leading up.
An iguana comes into view.
The iguana hisses angrily.
An iguana is nearby!
You tentacle-slap the iguana. Your grab misses the iguana.
You squeeze the iguana. The iguana bites you!
HP[-7]
You take 7 damage, and now have 43/50 hp.
You completely miss the iguana. You grab the iguana.
You constrict the iguana, but do no damage.
The iguana misses you.
You tentacle-slap the iguana.
You squeeze the iguana, but do no damage.
You constrict the iguana, but do no damage.
HP[+1]
You tentacle-slap the iguana. You constrict the iguana. The iguana bites you.
HP[-6]
You take 6 damage, and now have 38/50 hp.
You tentacle-slap the iguana. You squeeze the iguana.
You kill the iguana!
Your Shapeshifting skill increases to level 6!
No target in view!
You see here an iguana corpse.
i - 3 green potions (gained 1)
Found Lous's Jewellery Boutique.
Found a stone staircase leading down.
HP[+12]
Your hp is fully restored (50).
There is a stone staircase leading up here.
There is a stone staircase leading up here.
A phantom comes into view.
The helpless phantom fails to defend itself.
You bludgeon the phantom! The phantom barely misses you.
You closely miss the phantom. The phantom closely misses you.
You bludgeon the phantom! The phantom barely misses you.
You bludgeon the phantom! The phantom barely misses you.
You tentacle-slap the phantom.
You destroy the phantom!
You have reached level 8!
HP[+5] MP[+1]
You now have 55 max hp (+5).
Your hp is fully restored (55).
Your mp is fully restored (8).
t - 2 scrolls of identify {@r1} (gained 1)
Found a stone staircase leading up.
There is a stone staircase leading up here.
You pick up a book of Unlife and begin reading...
You add the spells Animate Dead, Borgnjor's Vile Clutch and Death Channel to your library.
A steam dragon comes into view.
An adder comes into view.
The helpless steam dragon fails to defend itself.
You bludgeon the steam dragon! The steam dragon misses you.
The steam dragon claws you.
HP[-1]
You take 1 damage, and now have 54/55 hp.
You tentacle-slap the steam dragon. The steam dragon misses you.
The steam dragon completely misses you.
You closely miss the steam dragon. Your squeeze misses the steam dragon.
The steam dragon closely misses you. The steam dragon barely misses you.
You tentacle-slap the steam dragon but do no damage.
The steam dragon breathes steam at you. The ball of steam hits you!!
You hear an angry hiss. x2
HP[-23]
You take 23 damage, and now have 31/55 hp.
MASSIVE DAMAGE!! (PAUSE)
You barely miss the steam dragon. Your squeeze misses the steam dragon.
You are engulfed in a cloud of scalding steam.
* * * LOW HITPOINT WARNING * * *
The steam dragon misses you. The steam dragon barely misses you.
HP[-10]
You take 10 damage, and now have 21/55 hp.
You are too injured to fight recklessly!
The steam dragon bites you!
* * * LOW HITPOINT WARNING * * *
The steam dragon misses you.
HP[-10]
You take 10 damage, and now have 11/55 hp.
You tentacle-slap the steam dragon. The steam dragon closely misses you.
The steam dragon claws you.
* * * LOW HITPOINT WARNING * * *
HP[-2]
You take 2 damage, and now have 9/55 hp.
The steam dragon closely misses you. x2
HP[+1]
You tentacle-slap the steam dragon. x2; You squeeze the steam dragon.
You are engulfed in a cloud of scalding steam.
* * * LOW HITPOINT WARNING * * *
An adder comes into view.
The steam dragon bites you!
You die...

Skill      XL: |  1  2  3  4  5  6  7 |
---------------+----------------------+-----
Stealth        | 2 3 5 |  5.0
Fighting       | 3 4 5 |  5.0
Shapeshifting  | 4 6 |  6.3
Dodging        | |  2.0
Unarmed Combat | |  3.0

Action                     |  1- 3 |  4- 6 |  7- 9 || total
---------------------------+-------+-------+-------++-------
  Melee: Unarmed           |    58 |   116 |    60 ||   234
         Tentacles         |    10 |    19 |    18 ||    47
         Constrict         |    11 |    29 |    12 ||    52
         Punch             |       |     4 |     3 ||     7
    Use: Scroll            |       |     2 |       ||     2
         Potion            |       |     1 |       ||     1
   Stab: Sleeping          |     5 |     9 |     7 ||    21
         Distracted        |       |     1 |       ||     1
 Armour: Skin              |    19 |    51 |    21 ||    91
  Dodge: Dodged            |    41 |    47 |    40 ||   128

Levels and vault maps discovered:
D:1:      reono_arrival_forest_river, layout_loops_ring, minmay_ruptured
D:2:      layout_loops_ring
D:3:      layout_loops_ring, nicolae_uskayaw_dance_hall, serial_shops,
          nicolae_shop_rolling_square, minmay_hedge_maze, uniq_grinder
D:4:      layout_rooms, okawaru_altar_gauntlet_db,
          grunt_temple_overflow_growth_and_decay
D:5:      layout_basic, minmay_joined_circles
D:6:      layout_loops_ring, st_stairs_6, nicolae_take_the_stairs

Notes
Turn   | Place    | Note
-------+----------+-------------------------------------------
     0 | D:1      | zeratav the Octopode Shapeshifter began the quest for the
                  | Orb.
     0 | D:1      | Reached XP level 1. HP: 13/13 MP: 1/1
     0 | D:1      | magus.rc [v1.9.6]
    21 | D:1      | Reached skill level 1 in Stealth
    37 | D:1      | Reached skill level 2 in Stealth
    58 | D:1      | Reached XP level 2. HP: 18/18 MP: 2/2
   178 | D:1      | Reached skill level 3 in Stealth
   343 | D:1      | Reached XP level 3. HP: 13/23 MP: 3/3
   346 | D:1      | HP: 3/23 [quokka (3)]
   350 | D:1      | Reached skill level 4 in Stealth
   454 | D:1      | You pick up a book of Displacement and begin reading...
   454 | D:1      | You add the spells Lesser Beckoning, Gell's Gravitas and
                  | Teleport Other to your library.
   785 | D:2      | Identified the +2 leather armour "Baddaove" {Regen+ Dex+6}
   995 | D:2      | Reached skill level 5 in Stealth
  1000 | D:2      | Reached XP level 4. HP: 23/28 MP: 4/4
  1469 | D:3      | Found a hide-covered altar of Uskayaw.
  1493 | D:3      | Found Piotib's General Store.
  1499 | D:3      | Bought a scroll of identify for 28 gold pieces
  1562 | D:3      | Noticed Grinder
  1900 | D:3      | Reached skill level 2 in Fighting
  1904 | D:3      | HP: 7/29 [poisoned by an adder]
  2547 | D:4      | Reached skill level 3 in Fighting
  2547 | D:4      | Reached XP level 5. HP: 24/36 MP: 5/5
  2591 | D:4      | Found a blossoming altar of Fedhas.
  2592 | D:4      | Found an ancient bone altar of Kikubaaqudgha.
  2633 | D:4      | You pick up a book of Conjurations and begin reading...
  2633 | D:4      | You add the spells Magic Dart, Searing Ray and Fulminant
                  | Prism to your library.
  2667 | D:4      | Reached skill level 4 in Fighting
  2934 | D:4      | Reached XP level 6. HP: 44/44 MP: 6/6
  2936 | D:4      | Found an iron altar of Okawaru.
  3288 | D:5      | Entered Level 5 of the Dungeon
  3307 | D:5      | Noticed an ice beast
  3325 | D:5      | Killed an ice beast
  3326 | D:5      | Reached skill level 5 in Fighting
  3532 | D:5      | Noticed an ice beast
  3756 | D:5      | Reached skill level 4 in Shapeshifting
  3764 | D:5      | Reached XP level 7. HP: 38/48 MP: 7/7
  4245 | D:5      | Reached skill level 5 in Shapeshifting
  5010 | D:6      | You pick up a book of Debilitation and begin reading...
  5010 | D:6      | You add the spells Slow, Sigil of Binding, Vampiric
                  | Draining and Confusing Touch to your library.
  5091 | D:6      | Reached skill level 6 in Shapeshifting
  5168 | D:6      | Found Lous's Jewellery Boutique.
  5235 | D:6      | Reached XP level 8. HP: 55/55 MP: 8/8
  5355 | D:6      | You pick up a book of Unlife and begin reading...
  5355 | D:6      | You add the spells Animate Dead, Borgnjor's Vile Clutch and
                  | Death Channel to your library.
  5368 | D:6      | HP: 11/55 [steam dragon (10)]
  5371 | D:6      | HP: 1/55 [steam dragon] (9)]
  5371 | D:6      | Mangled by a steam dragon

Vanquished Creatures
  A sky beast (D:6)
  An ice beast (D:5)
  A phantom (D:6)
  A scorpion (D:5)
  2 hounds (D:4)
  2 jellies
  A gnoll bouda (D:5)
  2 iguanas
  13 gnolls
  5 adders
  2 white imps (D:5)
  A dart slug (D:2)
  9 orcs
  8 endoplasms
  6 goblins
  7 hobgoblins
  6 jackals
  3 quokkas
  3 ball pythons
  6 bats
  4 frilled lizards
  8 kobolds
  2 rats
94 creatures vanquished.

Table legend:
 A = Non-vault XP
 B = Vault XP
 C = Vault XP percentage of total XP
 D = Non-vault monster count
 E = Vault monster count
 F = Vault count percentage of total count
                 A         B        C        D         E       F
            +---------+---------+-------+---------+---------+-------
      Total |    1162 |      51 |   4.2 |      85 |       9 |   9.6
            +---------+---------+-------+---------+---------+-------
        D:1 |      49 |       8 |  14.0 |      19 |       3 |  13.6
        D:2 |      43 |       0 |   0.0 |      14 |       0 |   0.0
        D:3 |      56 |       0 |   0.0 |      11 |       0 |   0.0
        D:4 |     149 |      43 |  22.4 |      13 |       6 |  31.6
        D:5 |     531 |       0 |   0.0 |      20 |       0 |   0.0
        D:6 |     334 |       0 |   0.0 |       8 |       0 |   0.0
            +---------+---------+-------+---------+---------+-------

Skill      XL: |  1  2  3  4  5  6  7 |
---------------+----------------------+-----
Stealth        | 2 3 5 |  5.0
Fighting       | 3 4 5 |  5.0
Shapeshifting  | 4 6 |  6.3
Dodging        | |  2.0
Unarmed Combat | |  3.0

Action                     |  1- 3 |  4- 6 |  7- 9 || total
---------------------------+-------+-------+-------++-------
  Melee: Unarmed           |    58 |   116 |    60 ||   234
         Tentacles         |    10 |    19 |    18 ||    47
         Constrict         |    11 |    29 |    12 ||    52
         Punch             |       |     4 |     3 ||     7
    Use: Scroll            |       |     2 |       ||     2
         Potion            |       |     1 |       ||     1
   Stab: Sleeping          |     5 |     9 |     7 ||    21
         Distracted        |       |     1 |       ||     1
 Armour: Skin              |    19 |    51 |    21 ||    91
  Dodge: Dodged            |    41 |    47 |    40 ||   128

Illustrated notes

Table legend:
 A = Kills in this place as a percentage of kills in the entire game.
 B = Kills by you in this place as a percentage of kills by you in the entire game.
 C = Kills by friends in this place as a percentage of kills by friends in the entire game.
 D = Other kills in this place as a percentage of other kills in the entire game.
 E = Experience gained in this place as a percentage of experience gained in the entire game.
 F = Experience gained in this place divided by the number of levels of this place that you have seen.
                   A       B       C       D       E      F
               +-------+-------+-------+-------+-------+----------------------
         Total | 100.0 | 100.0 |   N/A |   N/A | 100.0 | 202.2
       Dungeon | 100.0 | 100.0 |   N/A |   N/A | 100.0 | 202.2
               +-------+-------+-------+-------+-------+----------------------

Table legend: (Time is in decaauts)
 A = Elapsed time spent in this place.
 B = Non-inter-level travel time spent in this place.
 C = Inter-level travel time spent in this place.
 D = Time resting spent in this place.
 E = Time spent auto-exploring this place.
 F = Levels seen in this place.
 G = Mean time per level.
                   A        B        C        D        E       F      G
               +--------+--------+--------+--------+--------+-----+--------+
         Total |   5355 |   5171 |    184 |    541 |   3887 |   6 |  892.5 |
       Dungeon |   5355 |   5171 |    184 |    541 |   3887 |   6 |  892.5 |
               +--------+--------+--------+--------+--------+-----+--------+

Top non-repeatable levels by time:
     D:5: 1404 daAuts
     D:3: 1086 daAuts
     D:1: 749 daAuts
     D:4: 743 daAuts
     D:2: 699 daAuts
     D:6: 672 daAuts
